 Dungeon Crawl Stone Soup version 0.27-a0-1434-g6f15984924 (webtiles) character file.

Game seed: 4059292883521529392

121831 Gwenloh the Black Sun (level 16, -13/152 HPs)
             Began as a Deep Dwarf Necromancer on July 1, 2021.
             Was a High Priest of Kikubaaqudgha.
             Mangled by a shard shrike (glowing shapeshifter) (70 damage)
             ... on level 13 of the Dungeon on July 2, 2021.
             The game lasted 04:01:27 (47672 turns).

Gwenloh the Black Sun (Deep Dwarf Necromancer)     Turns: 47672, Time: 04:01:29

Health: -13/152    AC: 20    Str: 13    XL:     16   Next: 33%
Magic:  0/30       EV: 12    Int: 24    God:    Kikubaaqudgha [*****.]
Gold:   2616       SH:  8    Dex: 13    Spells: 7/37 levels left

rFire    + . .     SeeInvis .   a - staff of death
rCold    x . .     Faith    .   P - +3 buckler {reflect}
rNeg     + + .     Spirit   .   N - +0 swamp dragon scales
rPois    +         Reflect  +   v - +2 hat
rElec    .         Harm     .   M - +2 cloak {rPois}
rCorr    .         Rampage  .   Y - +2 pair of gloves
Will     +++++                  k - +1 pair of boots
Stlth    +.........             X - amulet of the acrobat
HPRegen  0.00/turn              H - ring of protection from fire
MPRegen  0.22/turn              n - ring "Xaylysar" {Drain rC- Will+++ AC+4 Int+2}

@: corroded
A: damage resistance, heal wounds, negative energy resistance 1, sense
surroundings 2, no regeneration
a: Heal Wounds, Renounce Religion, Receive Corpses, Torment


You were on level 13 of the Dungeon.
You worshipped Kikubaaqudgha.
Kikubaaqudgha was extremely pleased with you.
You visited 4 branches of the dungeon, and saw 23 of its levels.
You also visited: Gauntlet.

You collected 3256 gold pieces.
You spent 640 gold pieces at shops.

Inventory:

Hand Weapons
 b - the +6 flail of Sunlight {venom, +Blink}
   (You found it on level 6 of the Lair of Beasts)

   It poisons the flesh of those it strikes.
   +Blink:    It lets you blink.
 t - the +9 staff of Wucad Mu {*channel}
   (You acquired it on level 10 of the Dungeon)
Missiles
 F - 7 atropa-tipped darts
 J - 33 poisoned darts
 W - 56 bolts
Armour
 k - a +1 pair of boots (worn)
 v - a +2 hat (worn)
 M - a +2 cloak of poison resistance (worn)
 N - +0 swamp dragon scales (worn)
 P - a +3 buckler of reflection (worn)
 Y - a +2 pair of gloves (worn)
Magical Staves
 a - a staff of death (weapon)
Jewellery
 n - the ring "Xaylysar" (right hand) {Drain rC- Will+++ AC+4 Int+2}
   (You found it on level 10 of the Dungeon)

   [ring of protection]

   AC:        It affects your AC (+4).
   Int:       It affects your intelligence (+2).
   rC:        It makes you vulnerable to cold.
   Drain:     It drains your maximum health when unequipped.
   Will:      It greatly increases your willpower.
 u - a ring of willpower
 H - a ring of protection from fire (left hand)
 I - a +4 ring of protection
 V - a ring of flight
 X - an amulet of the acrobat (around neck)
 Z - a ring of resist corrosion
Wands
 e - a wand of digging (18)
 i - a wand of paralysis (11)
 C - a wand of polymorph (21) (quivered)
 L - a wand of flame (36)
 Q - a wand of iceblast (26)
Scrolls
 f - 2 scrolls of teleportation
 g - a scroll of fear
 j - 2 scrolls of holy word
 l - 5 scrolls of enchant weapon
 o - a scroll of brand weapon
 q - 4 scrolls of silence
 s - a scroll of immolation
 x - 7 scrolls of amnesia
 y - a scroll of torment {unknown}
 z - 6 scrolls of fog
 A - 2 scrolls of blinking
 E - a scroll of summoning
 G - 4 scrolls of magic mapping
Potions
 c - 2 potions of might
 d - a potion of berserk rage {unknown}
 h - 5 potions of mutation {unknown}
 m - 4 potions of ambrosia
 p - a potion of degeneration {unknown}
 r - 4 potions of heal wounds {unknown}
 w - a potion of attraction {unknown}
 B - a potion of resistance {unknown}
 D - 3 potions of brilliance
 O - a potion of lignification {unknown}
 R - a potion of flight {unknown}
 S - 2 potions of cancellation {unknown}
 T - 5 potions of haste
 U - a potion of invisibility {unknown}


   Skills:
 + Level 12.1 Fighting
 * Level 9.5 Staves
 - Level 7.0 Armour
 - Level 5.0 Dodging
 - Level 2.4 Stealth
 - Level 4.0 Shields
 + Level 11.3 Spellcasting
 * Level 17.5 Necromancy
 * Level 2.8 Ice Magic
 - Level 12.6 Evocations


You had 7 spell levels left.
You knew the following spells:

 Your Spells              Type           Power      Damage    Failure   Level
a - Dispel Undead         Necr           98%        3d31      1%          4
b - Vampiric Draining     Necr           49%        2d13      1%          3
c - Animate Dead          Necr           49%        N/A       1%          4
d - Agony                 Necr           98%        N/A       1%          5
e - Corpse Rot            Necr/Air       N/A        N/A       1%          2
f - Pain                  Necr           100%       1d9       0%          1
g - Simulacrum            Ice/Necr       38%        N/A       21%         6
h - Borgnjor's Vile Clut  Necr/Erth      35%        N/A       7%          5

Your spell library contained the following spells:

 Spells                   Type           Power      Damage    Failure   Level
 Animate Skeleton         Necr           100%       N/A       0%          1
 Sublimation of Blood     Necr           49%        N/A       0%          2
 Excruciating Wounds      Necr           49%        N/A       1%          5
 Death Channel            Necr           49%        N/A       1%          6
 Foxfire                  Conj/Fire      52%        2x1d6     9%          1
 Sandblast                Erth           26%        2d8       9%          1
 Shock                    Conj/Air       52%        1d6       9%          1
 Sting                    Tmut/Pois      52%        1d5       9%          1
 Frozen Ramparts          Ice            54%        1d7       9%          3
 Blink                    Tloc           N/A        N/A       13%         2
 Passwall                 Tmut/Erth      10%        N/A       13%         2
 Poisonous Vapours        Pois/Air       26%        N/A       13%         2
 Call Canine Familiar     Summ           13%        N/A       26%         3
 Conjure Flame            Conj/Fire      13%        6-21      26%         3
 Ignite Poison            Fire/Tmut/Pois 13%        N/A       26%         3
 Inner Flame              Hex/Fire       13%        N/A       26%         3
 Mephitic Cloud           Conj/Pois/Air  13%        N/A       26%         3
 Portal Projectile        Hex/Tloc       26%        N/A       26%         3
 Stone Arrow              Conj/Erth      26%        3d8       26%         3
 Summon Guardian Golem    Hex/Summ       13%        N/A       26%         3
 Swiftness                Air            13%        N/A       26%         3
 Ice Form                 Ice/Tmut       20%        N/A       43%         4
 Summon Ice Beast         Ice/Summ       20%        N/A       43%         4
 Airstrike                Air            6%         N/A       65%         4
 Animate Armour           Summ/Erth      26%        N/A       65%         4
 Cause Fear               Hex            6%         N/A       65%         4
 Leda's Liquefaction      Hex/Erth       6%         N/A       65%         4
 Olgreb's Toxic Radiance  Pois           13%        N/A       65%         4
 Passage of Golubria      Tloc           N/A        N/A       65%         4
 Petrify                  Tmut/Erth      13%        N/A       65%         4
 Sticky Flame             Conj/Fire      13%        2d4       65%         4
 Summon Lightning Spire   Summ/Air       13%        N/A       65%         4
 Metabolic Englaciation   Hex/Ice        10%        N/A       80%         5
 Freezing Cloud           Conj/Ice/Air   9%         6-21      86%         5
 Haunt                    Necr/Summ      35%        N/A       90%         7
 Blade Hands              Tmut           6%         N/A       94%         5
 Bolt of Magma            Conj/Fire/Erth 6%         4d6       94%         5
 Lee's Rapid Deconstruct  Erth           6%         3d7*      94%         5
 Manifold Assault         Tloc           13%        N/A       94%         5
 Silence                  Hex/Air        6%         N/A       94%         5
 Summon Forest            Summ/Tloc      6%         N/A       94%         5
 Summon Mana Viper        Hex/Summ       13%        N/A       94%         5
 Iron Shot                Conj/Erth      6%         9d2       100%        6
 Shadow Creatures         Summ           N/A        N/A       100%        6
 Statue Form              Tmut/Erth      8%         N/A       100%        6
 Dragon Form              Tmut           6%         N/A       100%        7
 Orb of Destruction       Conj           6%         9d3       100%        7
 Spellforged Servitor     Conj/Summ      6%         N/A       100%        7
 Storm Form               Tmut/Air       6%         N/A       100%        7
 Infestation              Necr           49%        N/A       41%         8
 Discord                  Hex            6%         N/A       100%        8
 Lehudib's Crystal Spear  Conj/Erth      6%         10d3      100%        8
 Maxwell's Capacitive Co  Air            6%         ∞         100%        8
 Dragon's Call            Summ           6%         N/A       100%        9
 Polar Vortex             Ice            13%        N/A       100%        9
 Shatter                  Erth           6%         3d9*      100%        9


Dungeon Overview and Level Annotations

Branches:
Dungeon (14/15)            Temple (1/1) D:4            Lair (6/6) D:9
 Shoals (0/4) Lair:2        Snake (0/4) Lair:2        Slime (0/5) Lair:6
    Orc (2/2) D:9             Elf (0/3) Orc:2        Vaults (0/5) D:13
Gauntlet (visited)

Altars:
Ashenzari
Cheibriados
Dithmenos
Elyvilon
Fedhas
Gozag
Hepliaklqana
Kikubaaqudgha
Makhleb
Nemelex Xobeh
Okawaru
Qazlal
Ru
Sif Muna
Trog
Uskayaw
Vehumet
Wu Jian
Xom
Yredelemnul
Zin
The Shining One

Shops:
D:4 ?   D:6 (   D:13 [   Orc:2 [*=(

Annotations:
D:6 3 runed translucent doors, NinjaVampirate's ghost, novice TrMo
D:13 2 runed translucent doors
D:14 Totusom's ghost, journeyman MiFi; Zenexuts's ghost, journeyman DsFi
Lair:2 1 runed translucent door, Jatofuta's ghost, journeyman MfGl


Innate Abilities, Weirdness & Mutations

You are resistant to damage.
You can heal yourself by infusing magical energy.
You resist negative energy. (rN+)
You passively map the area around you.
You do not regenerate.


Message History

The caustic shrike closely misses you. The caustic shrike claws you!!
You are splashed with acid.
You hit the caustic shrike but do no damage.
The caustic shrike writhes in agony!
The caustic shrike is severely wounded.
The caustic shrike closely misses you.
You hit the caustic shrike.
The caustic shrike writhes in agony!
The caustic shrike is almost dead.
The caustic shrike changes into a titan!
You hit the titan.
The titan writhes in agony!!
The titan is moderately wounded.
Unknown command.
Okay, then.
Okay, then.
Unknown command.
Aiming: Polymorph
Press: ? - help, Q - select action, (/) - cycle Shift-Dir - straight line, f/p - titan
Aim: a titan shaped shifter (moderately wounded, will change shape)
Okay, then.
Okay, then.
Okay, then.
Unknown command.
The titan changes into a shard shrike!
The shard shrike claws you but does no damage.
The shard shrike barely misses you.
Aiming: Polymorph
Press: ? - help, Q - select action, (/) - cycle Shift-Dir - straight line, f/p - shard shrike
Aim: a shard shrike shaped shifter (will change shape)
Okay, then.
Casting: Agony (mildly dangerous; 1% risk of failure)
Confirm with . or Enter, or press ? or * to list all spells.
Aiming: Vampiric Draining (safe; 1% risk of failure)
Press: ? - help, Shift-Dir - straight line, f/p - shard shrike
Aim: a shard shrike shaped shifter You feel a surge of power!
You draw life force from the shard shrike!
You feel life coursing into your body. The shard shrike claws you.
The shard shrike freezes you!!!!
You feel a terrible chill!
You die...
Kikubaaqudgha rasps: "You have failed me!
Welcome... death!"

.......................#....#....
'###..#######..........######....
...#..#.....#.....^..............
...#..#.....#.......)........)...
...#..#.....#....###'#....#######
...#..##'####....#...#....'......
...#............>#.(.#....#......
...#...#'######.b#...#....#......
####...#......#.@#...#....#......
.......#......#..#...#....##.....
.......#......#..#...#.....#.....
....)..#......#..#...#.....###..#
#####==########..#...#.......#..#
# #...........(#####.......#..# #
#........................#..# #
#......................###..# #
#......................#.....


You could see a shard shrike shaped shifter.

Vanquished Creatures
  Jorgrun (Orc:2)
  Frances (D:13)
  An orc warlord (Orc:1)
  The ghost of Oruaneas the Devastator, a journeyman DrCj of Hepliaklqana (D:14)
  The ghost of Oruaneas the Devastator, a journeyman DrCj of Hepliaklqana (D:14)
  The ghost of Oruaneas the Devastator, a journeyman DrCj of Hepliaklqana (D:14)
  A stone giant (Orc:2)
  The ghost of Fuch the Fighter, a journeyman DsCj of Okawaru (Lair:5)
  The ghost of Ziatichuqu the Cleaver, a journeyman DsFi of Okawaru (D:14)
  The ghost of Fetent the Fighter, a journeyman MiFi of Makhleb (D:14)
  Snorg (Lair:6)
  3 ettins
  A fire dragon (D:14)
  2 rakshasas (D:13)
  8 vault guards
  4 boulder beetles
  8 hydras
  Erica (D:9)
  Erolcha (Orc:1)
  A catoblepas (Lair:6)
  7 centaur warriors
  5 two-headed ogres
  11 death yaks
  The ghost of Xaorel the Carver, a journeyman GrFi of the Shining One (D:14)
  3 tengu warriors
  A deep troll shaman (Lair:6)
  A fire crab (Lair:6)
  Nergalle (Lair:4)
  A lindwurm (Lair:6)
  A wolf spider (D:14)
  4 orc sorcerers
  3 orc knights
  2 ugly things (D:14)
  A manticore (D:14)
  A faun (shapeshifter) (D:13)
  12 cyclopes
  34 elephants
  3 merfolk sirens (Lair:2)
  3 torpor snails
  6 black mambas
  Maurice (D:8)
  11 cane toads
  A gargoyle (D:10)
  An efreet (D:13)
  10 rime drakes
  9 komodo dragons
  A kobold demonologist (D:12)
  An unseen horror (shapeshifter) (D:14)
  Maggie (D:8)
  A queen bee (Lair:1)
  A meliai (D:13)
  A merfolk (Lair:2)
  4 polar bears
  8 trolls
  2 hornets
  Prince Ribbit (D:8)
  13 blink frogs
  4 slime creatures
  2 dream sheep (D:11)
  3 centaur simulacra (D:14)
  Sigmund (D:5)
  6 spriggans (Lair:1)
  55 yaks
  A wraith (D:11)
  4 wyverns
  5 basilisks
  15 vampire mosquitoes
  4 steam dragons
  A naga (Lair:2)
  An acid dragon (D:9)
  15 water moccasins
  3 black bears
  22 orc warriors
  4 ice beasts
  7 ogres
  5 centaurs
  12 wolves
  A phantom (D:5)
  4 kobold brigands
  A wyvern zombie (D:6)
  10 bullfrogs
  A gnoll sergeant (D:9)
  5 scorpions
  39 killer bees
  5 howler monkeys
  4 electric eels
  3 centaur zombies
  A lava snake (D:14)
  2 jellies
  A hound (D:6)
  A centaur skeleton (D:7)
  13 orc priests
  A gnoll shaman (D:9)
  Crazy Yiuf (D:3)
  2 bullfrog skeletons
  2 iguanas
  19 orc wizards
  2 killer bee zombies
  3 howler monkey zombies
  32 gnolls
  8 adders
  A shadow imp (D:5)
  A dart slug (D:2)
  62 orcs
  10 ball pythons
  A giant cockroach (D:2)
  2 goblins
  A hobgoblin (D:1)
  7 jackals
  7 quokkas
  2 bats
  2 frilled lizards (D:2)
  11 kobolds
  3 rats
649 creatures vanquished.

Vanquished Creatures (collateral kills)
  A hydra (Lair:5)
  A death yak (Lair:5)
  A cyclops (Orc:2)
  4 elephants
  A cane toad (Lair:5)
  2 rime drakes
  10 yaks
  A water moccasin (Lair:6)
  A hornet zombie (D:6)
  An orc priest (Orc:1)
  An adder skeleton (D:4)
  2 orcs
26 creatures vanquished.

Vanquished Creatures (others)
  Nessos (D:13)
  A deep elf pyromancer (D:14)
  A vampire mosquito (D:13)
  An orc (D:11)
  2 bushes (Lair:6)
  A demonic plant (Gauntlet)
  47 fungi
  119 plants
  2 withered plants (Lair:2)
175 creatures vanquished.

Grand Total: 850 creatures vanquished

Notes
Turn   | Place    | Note
-------+----------+-------------------------------------------
     0 | D:1      | Gwenloh the Deep Dwarf Necromancer began the quest for the
                  | Orb.
     0 | D:1      | Reached XP level 1. HP: 15/15 MP: 3/3
    84 | D:1      | Found a faded altar of an unknown god.
   518 | D:1      | Reached XP level 2. HP: 10/24 MP: 1/4
  1415 | D:2      | Reached skill level 1 in Fighting
  1497 | D:2      | Reached XP level 3. HP: 31/31 MP: 0/6
  1594 | D:1      | Learned a level 3 spell: Vampiric Draining
  1976 | D:2      | Reached XP level 4. HP: 19/38 MP: 0/7
  2709 | D:2      | Reached skill level 5 in Necromancy
  3338 | D:3      | Reached XP level 5. HP: 44/45 MP: 2/8
  3688 | D:3      | Found a runed translucent door.
  3689 | D:3      | Noticed Crazy Yiuf
  3698 | D:3      | Killed Crazy Yiuf
  4215 | D:4      | Found a white marble altar of Elyvilon.
  4255 | D:4      | Found Gulud's Magic Scroll Shop.
  4267 | D:4      | Bought a scroll of identify for 28 gold pieces
  4267 | D:4      | Bought a scroll of identify for 28 gold pieces
  4267 | D:4      | Bought a scroll of identify for 28 gold pieces
  4267 | D:4      | Bought a scroll of identify for 28 gold pieces
  4560 | D:4      | Learned a level 4 spell: Animate Dead
  4612 | D:4      | Reached XP level 6. HP: 53/55 MP: 0/10
  5649 | D:4      | Reached XP level 7. HP: 47/62 MP: 7/12
  5655 | D:4      | Reached skill level 6 in Necromancy
  5859 | D:4      | Found a staircase to the Ecumenical Temple.
  5866 | Temple   | Entered the Ecumenical Temple
  5882 | Temple   | Became a worshipper of Kikubaaqudgha
  6490 | D:5      | Entered Level 5 of the Dungeon
  6490 | D:5      | Noticed Sigmund
  6495 | D:5      | Killed Sigmund
  6508 | D:5      | Reached skill level 5 in Dodging
  6943 | D:4      | Reached skill level 1 in Armour
  7279 | D:5      | Reached XP level 8. HP: 60/72 MP: 10/14
  7285 | D:5      | Learned a level 5 spell: Agony
  7354 | D:5      | Found a burning altar of Makhleb.
  7354 | D:5      | Noticed a balrug
  7650 | D:5      | Reached skill level 7 in Necromancy
  8247 | D:5      | Found a burning altar of Makhleb.
  8618 | D:6      | Found Qinwugate's Antique Weapon Emporium.
  8622 | D:6      | Reached * piety under Kikubaaqudgha
  8622 | D:6      | Received a gift from Kikubaaqudgha
  8630 | D:6      | Reached skill level 5 in Fighting
  8722 | D:6      | Reached skill level 5 in Spellcasting
  8732 | D:6      | HP: 2/74 [hornet zombie (6)]
  9209 | D:6      | Found a runed translucent gate.
  9215 | D:6      | Gained mutation: You passively map the area around you.
                  | [Deep Dwarf growth]
  9215 | D:6      | Reached XP level 9. HP: 56/81 MP: 5/15
  9404 | D:6      | Found a runed translucent gate.
  9405 | D:6      | Found a runed translucent gate.
  9405 | D:6      | Noticed NinjaVampirate's ghost (novice TrMo)
 10307 | D:7      | Reached skill level 8 in Necromancy
 10648 | D:7      | Noticed a cyclops
 10655 | D:7      | Killed a cyclops
 10656 | D:7      | Reached skill level 5 in Armour
 10765 | D:7      | Learned a level 2 spell: Corpse Rot
 11080 | D:8      | Noticed Prince Ribbit
 11094 | D:8      | Killed Prince Ribbit
 11659 | D:8      | Noticed Maurice
 11668 | D:8      | Killed Maurice
 11669 | D:8      | Reached skill level 9 in Necromancy
 12072 | D:8      | Reached XP level 10. HP: 90/92 MP: 2/18
 12836 | D:8      | Noticed Maggie
 12842 | D:8      | Killed Maggie
 13075 | D:8      | Reached ** piety under Kikubaaqudgha
 13543 | D:9      | Found a staircase to the Orcish Mines.
 13836 | D:9      | Reached skill level 10 in Necromancy
 15141 | D:9      | Found a broken altar of Ashenzari.
 15722 | D:9      | Found a staircase to the Lair.
 15753 | Lair:1   | Entered Level 1 of the Lair of Beasts
 15814 | Lair:1   | Found a gate leading to a gauntlet.
 15827 | Gauntlet | Entered a Gauntlet
 15827 | Gauntlet | Found a transporter.
 15835 | Gauntlet | Found a transporter.
 15837 | Gauntlet | Found a transporter.
 15842 | Gauntlet | Noticed a worldbinder
 15853 | Gauntlet | Found a transporter.
 15855 | Gauntlet | Found a transporter.
 15858 | Gauntlet | Noticed a death scarab
 15858 | Gauntlet | Noticed a spectral seven-headed hydra
 15858 | Gauntlet | Noticed a death scarab
 15860 | Gauntlet | Noticed a spectral death yak
 15860 | Gauntlet | Noticed a death scarab
 15865 | Gauntlet | Found a transporter.
 15871 | Gauntlet | Noticed a spectral catoblepas
 15878 | Gauntlet | Noticed a death scarab
 15880 | Gauntlet | Found a runed translucent gate.
 15881 | Gauntlet | Found a transporter.
 15881 | Gauntlet | Found a runed translucent gate.
 15882 | Gauntlet | Found a runed translucent gate.
 15884 | Gauntlet | Found the +3 pair of gauntlets of War {Slay+5}
 15884 | Gauntlet | Noticed a spectral seven-headed hydra
 15891 | Gauntlet | Found a transporter.
 15894 | Gauntlet | Noticed an orange crystal statue
 15901 | Gauntlet | Found a transporter.
 15918 | Gauntlet | Found a transporter.
 15924 | Gauntlet | Found a transporter.
 15925 | Gauntlet | Noticed an ice statue
 15929 | Gauntlet | Found a transporter.
 16222 | Lair:1   | Reached skill level 1 in Evocations
 16276 | Lair:1   | Reached XP level 11. HP: 103/103 MP: 1/21
 17630 | Lair:1   | Reached skill level 1 in Staves
 17630 | Lair:1   | Reached skill level 11 in Necromancy
 18146 | Lair:1   | Reached skill level 1 in Shields
 18855 | Lair:1   | You fall into a shaft and drop 1 floor!
 18912 | Lair:2   | Found a staircase to the Snake Pit.
 19121 | Lair:1   | Reached *** piety under Kikubaaqudgha
 19121 | Lair:1   | Received a gift from Kikubaaqudgha
 19685 | Lair:2   | Found a runed translucent door.
 19685 | Lair:2   | Noticed Jatofuta's ghost (journeyman MfGl)
 20606 | Lair:2   | Reached skill level 5 in Evocations
 20625 | Lair:2   | Reached XP level 12. HP: 40/112 MP: 2/23
 20661 | Lair:2   | Reached skill level 12 in Necromancy
 21060 | Lair:2   | Found a staircase to the Shoals.
 21690 | Lair:2   | Upgraded the game from 0.27-a0-1416-g941b2bd30b to
                  | 0.27-a0-1434-g6f15984924
 22445 | Lair:3   | Noticed a boulder beetle
 22452 | Lair:3   | Killed a boulder beetle
 23916 | Lair:4   | Noticed a four-headed hydra
 23925 | Lair:4   | Killed a four-headed hydra
 24121 | Lair:4   | Noticed a five-headed hydra
 24125 | Lair:4   | Noticed a death yak
 24125 | Lair:4   | Noticed a death yak
 24125 | Lair:4   | Noticed a death yak
 24125 | Lair:4   | Noticed a death yak
 24125 | Lair:4   | Noticed a death yak
 24125 | Lair:4   | Noticed a death yak
 24553 | Lair:3   | Killed a five-headed hydra
 24710 | Lair:4   | Noticed Nergalle
 24812 | Lair:3   | Learned a level 4 spell: Dispel Undead
 24820 | Lair:4   | Killed Nergalle
 24821 | Lair:4   | Reached skill level 13 in Necromancy
 25314 | Lair:4   | Noticed a boulder beetle
 25322 | Lair:4   | Killed a boulder beetle
 25530 | Lair:4   | Reached XP level 13. HP: 121/121 MP: 5/25
 26190 | Lair:4   | Reached skill level 5 in Staves
 27525 | Lair:4   | You fall into a shaft and drop 1 floor!
 27854 | Lair:5   | Reached skill level 10 in Fighting
 27854 | Lair:5   | Reached skill level 14 in Necromancy
 27863 | Lair:5   | Reached **** piety under Kikubaaqudgha
 29693 | Lair:5   | Found a large runed translucent door.
 29693 | Lair:5   | Found a large runed translucent door.
 29694 | Lair:5   | Noticed Fuch's ghost (journeyman DsCj)
 29928 | Lair:5   | Killed Fuch's ghost
 30095 | Lair:6   | Entered Level 6 of the Lair of Beasts
 30841 | Lair:5   | Gained mutation: You resist negative energy. (rN+) [Deep
                  | Dwarf growth]
 30841 | Lair:5   | Reached XP level 14. HP: 133/133 MP: 11/26
 31726 | Lair:6   | Reached skill level 15 in Necromancy
 31745 | Lair:6   | Reached skill level 10 in Evocations
 31750 | Lair:6   | Reached skill level 10 in Spellcasting
 33077 | Lair:6   | Identified the +6 flail of Sunlight {venom, +Blink}
 33152 | Lair:6   | Found a staircase to the Slime Pits.
 33553 | Lair:6   | Noticed Snorg
 33566 | Lair:6   | Killed Snorg
 36063 | Orc:1    | Entered Level 1 of the Orcish Mines
 36063 | Orc:1    | Noticed Erica
 36074 | D:9      | Killed Erica
 36459 | Orc:2    | Entered Level 2 of the Orcish Mines
 36459 | Orc:2    | Found Fiyt's Jewellery Shop.
 36463 | Orc:2    | Reached ***** piety under Kikubaaqudgha
 36921 | Orc:2    | Noticed an orc warlord
 37074 | Orc:1    | Killed an orc warlord
 37192 | Orc:1    | Reached skill level 16 in Necromancy
 37328 | Orc:2    | Reached XP level 15. HP: 109/141 MP: 0/28
 37522 | Orc:2    | Found Aqucecom's Antique Weapon Boutique.
 37735 | Orc:2    | Found Juihoc Ashro's General Store.
 38160 | Orc:2    | Found a bloodstained altar of Trog.
 38454 | Orc:2    | Found a staircase to the Elven Halls.
 38476 | Orc:2    | Found Miukh's Antique Armour Boutique.
 38857 | Orc:1    | Noticed Erolcha
 38885 | Orc:1    | Killed Erolcha
 39044 | Orc:1    | Noticed Jorgrun
 39074 | Orc:2    | Killed Jorgrun
 39444 | Orc:1    | Found an iron altar of Okawaru.
 39725 | Orc:2    | Bought a smoking buckler for 304 gold pieces
 39725 | Orc:2    | Identified the +2 buckler "Qaurph" {Fly Regen+} (You bought
                  | it in a shop on level 2 of the Orcish Mines)
 39726 | Orc:2    | Bought a glowing hat for 224 gold pieces
 39793 | D:10     | Entered Level 10 of the Dungeon
 40087 | D:10     | Found a stormy altar of Qazlal.
 40087 | D:10     | Found a sparkling altar of Nemelex Xobeh.
 40088 | D:10     | Found a shimmering blue altar of Sif Muna.
 40089 | D:10     | Found a sacrificial altar of Ru.
 40155 | D:10     | Identified the ring "Xaylysar" {Drain rC- Will+++ AC+4
                  | Int+2}
 40234 | D:10     | Identified 2 scrolls of acquirement
 40235 | D:10     | Acquired the +9 staff of Wucad Mu {*channel}
 40236 | D:10     | Found the +9 staff of Wucad Mu {*channel}
 40384 | D:10     | Acquired 973 gold pieces
 42761 | D:13     | Found a gate to the Vaults.
 43327 | D:13     | Found Pupsufof's Antique Armour Emporium.
 43797 | D:13     | Reached skill level 17 in Necromancy
 44217 | D:13     | Noticed Frances
 44264 | D:13     | Noticed Nessos
 44275 | D:13     | Killed Frances
 44299 | D:13     | Killed Nessos
 44683 | D:13     | Found a runed translucent door.
 44788 | D:13     | Noticed a fire giant
 44791 | D:13     | Found a runed translucent door.
 45430 | D:14     | Found a huge runed gate.
 45430 | D:14     | Found a huge runed gate.
 45430 | D:14     | Found a huge runed gate.
 45430 | D:14     | Found a huge runed gate.
 45430 | D:14     | Found a huge runed gate.
 45430 | D:14     | Found a huge runed gate.
 45430 | D:14     | Found a huge runed gate.
 45438 | D:14     | Found a huge runed gate.
 45438 | D:14     | Found a huge runed gate.
 45665 | D:14     | Found a huge runed gate.
 45665 | D:14     | Found a huge runed gate.
 45665 | D:14     | Found a huge runed gate.
 45670 | D:14     | Found a huge runed gate.
 45671 | D:14     | Found a huge runed gate.
 45671 | D:14     | Found a huge runed gate.
 45671 | D:14     | Found a huge runed gate.
 45671 | D:14     | Found a huge runed gate.
 45671 | D:14     | Found a huge runed gate.
 45679 | D:14     | Reached XP level 16. HP: 152/152 MP: 17/30
 45743 | D:14     | Learned a level 6 spell: Simulacrum
 45825 | D:14     | Found a huge runed gate.
 45826 | D:14     | Found a huge runed gate.
 45827 | D:14     | Found a huge runed gate.
 45828 | D:14     | Found a huge runed gate.
 46057 | D:14     | Found a huge runed gate.
 46057 | D:14     | Found a huge runed gate.
 46057 | D:14     | Found a huge runed gate.
 46058 | D:14     | Found a huge runed gate.
 46059 | D:14     | Found a huge runed gate.
 46060 | D:14     | Found a huge runed gate.
 46060 | D:14     | Found a huge runed gate.
 46239 | D:14     | Learned a level 5 spell: Borgnjor's Vile Clutch
 46308 | D:14     | Reached skill level 1 in Ice Magic
 46858 | D:14     | Noticed Fetent's ghost (journeyman MiFi)
 46858 | D:14     | Noticed Oruaneas's ghost (journeyman DrCj)
 46858 | D:14     | Noticed Totusom's ghost (journeyman MiFi)
 46858 | D:14     | Noticed Xaorel's ghost (journeyman GrFi)
 46858 | D:14     | Noticed Ziatichuqu's ghost (journeyman DsFi)
 46858 | D:14     | Noticed Oruaneas's ghost (journeyman DrCj)
 46858 | D:14     | Noticed Oruaneas's ghost (journeyman DrCj)
 46858 | D:14     | Noticed Zenexuts's ghost (journeyman DsFi)
 46870 | D:14     | Killed Fetent's ghost
 47106 | D:14     | Killed Oruaneas's ghost
 47313 | D:14     | Killed Ziatichuqu's ghost
 47403 | D:14     | Killed Oruaneas's ghost
 47506 | D:14     | Killed Oruaneas's ghost
 47576 | D:14     | Killed Xaorel's ghost
 47627 | D:14     | Noticed a sphinx
 47627 | D:14     | a stone giant changed into a sphinx
 47629 | D:14     | a sphinx changed into a frost giant
 47631 | D:14     | Noticed a sphinx
 47631 | D:14     | a frost giant changed into a sphinx
 47632 | D:14     | Noticed a shadow dragon
 47632 | D:14     | a sphinx changed into a shadow dragon
 47633 | D:14     | Noticed a caustic shrike
 47633 | D:14     | a shadow dragon changed into a caustic shrike
 47640 | D:14     | Noticed a shadow dragon
 47640 | D:14     | a caustic shrike changed into a shadow dragon
 47642 | D:14     | Noticed an iron giant
 47642 | D:14     | a shadow dragon changed into an iron giant
 47653 | D:14     | Noticed a caustic shrike
 47668 | D:13     | Noticed a titan
 47668 | D:13     | a caustic shrike changed into a titan
 47670 | D:13     | Noticed a shard shrike
 47670 | D:13     | a titan changed into a shard shrike
 47672 | D:13     | Mangled by a shard shrike (glowing shapeshifter)

Illustrated notes

Levels and vault maps discovered:
D:1:      onia_arrival_mini_maze, layout_basic, ebering_ecumenical_altar_box,
          st_stairs_5, grunt_decor_one_mirror, patterned_corridor
D:2:      layout_loops_corners
D:3:      layout_loops_ring, uniq_crazy_yiuf_cottage
D:4:      layout_basic, amcnicky_altar_gilded, minmay_temple_entry_steel_oval,
          serial_shops, shop_scrolls, chequers_serial_rivers_micro_e,
          minmay_cut_off
D:5:      wander_river, layout_rooms, makhleb_altar_promises_db,
          kennysheep_flooded_box, minmay_fractal_squares_5, uniq_sigmund
D:6:      layout_cave_pools, serial_shops, nicolae_shop_statue_plus,
          gammafunk_ghost_nasty_kobolds
D:7:      layout_loops_corners, minmay_microvault
D:8:      layout_loops_corners, kennysheep_generic_room_10, uniq_maurice,
          uniq_prince_ribbit1, uniq_maggie
D:9:      layout_rooms, evilmike_ruin_ashenzari, erik_lair_dragon, orc_0_dummy
D:10:     layout_rooms, chequers_temple_overflow_statue_of_worship
D:11:     layout_roguey, hangedman_ranch
D:12:     layout_stronghold
D:13:     minmay_expanding_circles, layout_irregular_city, erik_vaults_2,
          serial_shops, shop, uniq_frances, uniq_nessos
D:14:     minmay_bubble_buster, layout_basic, gammafunk_ghost_door_vault
Temple:   regret_index_temple_waves
Lair:1:   kb_forest_paths, layout_layer_cave, gauntlet_entry_generic,
          special_room [special_room_bee], enter_volcano_4
Lair:2:   layout_cave_pods, elwin_shoals_entry_stream,
          guppyfry_snake_entry_island, gammafunk_ghost_grave
Lair:3:   layout_small_grid
Lair:4:   layout_misc_corridors, gammafunk_lair_bear_cave, uniq_nergalle
Lair:5:   layout_cave_pods, ebering_ghost_disaster_area,
          chequers_serial_rivers_small_a
Lair:6:   grunt_lair_end_beastmaster, layout_gridlike, dpeg_slime_entry_corner,
          minmay_lair_drake_nest, serial_bayou_shore_a, wad_woods_river_01,
          uniq_snorg
Orc:1:    layout_caves, okawaru_metal_pillars_1_2, uniq_erolcha, uniq_erica,
          uniq_jorgrun
Orc:2:    grunt_orc_gardens, layout_caves, grunt_orc_garden, grunt_orc_garden,
          grunt_orc_garden, grunt_orc_garden, david_defended_altar_orc

Skill      XL: |  1  2  3  4  5  6  7  8  9 10 11 12 13 14 15 16 |
---------------+-------------------------------------------------+-----
Spellcasting   | 2 3 4 5 6 7 8 9 10 11 | 11.3
Fighting       | 1 2 3 4 5 6 8 9 10 11 12 | 12.1
Dodging        | 3 4 5 |  5.0
Necromancy     | 5 6 7 9 10 11 13 14 16 17 | 17.5
Armour         | 1 4 5 6 7 |  7.0
Evocations     | 1 5 7 9 11 12 | 12.6
Staves         | 2 4 6 7 9 |  9.5
Shields        | 3 4 |  4.0
Ice Magic      | 2 |  2.8
Stealth        | |  2.4

Action                   |  1- 3 |  4- 6 |  7- 9 | 10-12 | 13-15 | 16-18 || total
-------------------------+-------+-------+-------+-------+-------+-------++-------
Melee: Dagger            |    11 |       |       |       |       |       ||    11
       Staff             |     3 |    26 |    72 |   283 |   577 |    37 ||   998
       Rapier            |       |       |    59 |       |       |       ||    59
       Whip              |       |       |       |     3 |       |       ||     3
       Flail             |       |       |       |       |    54 |       ||    54
Throw: Stone             |    13 |    26 |    23 |    90 |       |       ||   152
       Dart              |       |       |       |     9 |   193 |       ||   202
 Cast: Pain              |    50 |    74 |   130 |   176 |     1 |       ||   431
       Vampiric Draining |     2 |    27 |    87 |   236 |   579 |    51 ||   982
       Animate Dead      |       |     1 |     7 |     9 |    42 |       ||    59
       Corpse Rot        |       |       |     5 |     5 |     4 |     1 ||    15
       Agony             |       |       |     3 |    59 |    49 |     3 ||   114
       Dispel Undead     |       |       |       |       |    25 |    18 ||    43
       Borgnjor's Vile C |       |       |       |       |       |     6 ||     6
Invok: Receive Corpses   |       |       |     1 |     5 |     9 |       ||    15
       Torment           |       |       |       |       |     4 |       ||     4
 Abil: Heal Wounds       |     1 |       |     3 |       |       |       ||     4
Evoke: Wand              |       |       |       |     9 |    29 |     3 ||    41
  Use: Scroll            |       |     5 |     7 |     7 |    11 |     1 ||    31
       Potion            |       |       |       |     4 |       |       ||     4
 Stab: Distracted        |       |       |     2 |       |     3 |       ||     5
Armor: Robe              |     3 |     8 |    10 |       |       |       ||    21
       Leather armour    |       |       |   110 |    11 |       |       ||   121
       Swamp dragon scal |       |       |       |   444 |   637 |    75 ||  1156
Dodge: Dodged            |    14 |    23 |   185 |   518 |   680 |    72 ||  1492
Block: Buckler           |       |       |       |   163 |   359 |    38 ||   560
       Reflection        |       |       |       |       |    15 |     6 ||    21

Table legend: (Time is in decaauts)
 A = Elapsed time spent in this place.
 B = Non-inter-level travel time spent in this place.
 C = Inter-level travel time spent in this place.
 D = Time resting spent in this place.
 E = Time spent auto-exploring this place.
 F = Levels seen in this place.
 G = Mean time per level.
                   A        B        C        D        E       F      G
               +--------+--------+--------+--------+--------+-----+--------+
         Total |  47822 |  45671 |   2151 |  15367 |  18682 |  24 | 1992.6 |
       Dungeon |  23757 |  22652 |   1105 |   4836 |  13928 |  14 | 1696.9 |
        Temple |    127 |    112 |     15 |      0 |    105 |   1 |  127.0 |
          Lair |  20233 |  19429 |    804 |   8726 |   3994 |   6 | 3372.2 |
  Orcish Mines |   3579 |   3353 |    226 |   1805 |    654 |   2 | 1789.5 |
      Gauntlet |    124 |    124 |      0 |      0 |      0 |   1 |  124.0 |
               +--------+--------+--------+--------+--------+-----+--------+

Top non-repeatable levels by time:
  Lair:6: 4044 daAuts
  Lair:5: 3929 daAuts
  Lair:1: 3912 daAuts
  Lair:3: 3673 daAuts
     D:8: 2762 daAuts
  Lair:2: 2403 daAuts
    D:14: 2323 daAuts
  Lair:4: 2270 daAuts
    D:13: 2262 daAuts
     D:9: 2174 daAuts
     D:4: 2164 daAuts
     D:3: 1864 daAuts
   Orc:2: 1820 daAuts
   Orc:1: 1759 daAuts
     D:2: 1667 daAuts
